 Dungeon Crawl Stone Soup version 0.22-a0-580-gd5db89c (webtiles) character file.

32 inc the Ducker (level 3, -2/15 HPs)
             Began as a Felid Transmuter on July 3, 2018.
             Slain by a worm (9 damage)
             ... on level 3 of the Dungeon.
             The game lasted 00:01:11 (1816 turns).

inc the Ducker (Felid Transmuter)                   Turns: 1816, Time: 00:01:12

Health: -2/15      AC:  1    Str:  6    XL:     3   Next: 8%
Magic:  7/7        EV: 20    Int: 15    God:
Gold:   75         SH:  0    Dex: 16    Spells: 5/6 levels left
                                        Lives:  0   Deaths: 0

rFire    . . .     SeeInvis +     - Unarmed
rCold    . . .     Gourm    .   (shield unavailable)
rNeg     . . .     Faith    .   (armour unavailable)
rPois    .         Spirit   .   (helmet unavailable)
rElec    .         Reflect  .   (cloak unavailable)
rCorr    .         Harm     .   (gloves unavailable)
MR       .....                  (boots unavailable)
Stlth    ++........             (no amulet)
HPRegen  0.05/turn              (no ring)
MPRegen  0.10/turn              (no ring)

@: quick
A: very small, no armour, no weapons or thrown items, stealth, claws 1, fangs 3,
see invisible, carnivore, speed 1, shaggy fur 1, slow metabolism 1, sharp paws
a: no special abilities


You were on level 3 of the Dungeon.
You were not hungry.

You visited 1 branch of the dungeon, and saw 3 of its levels.

You collected 75 gold pieces.

Inventory:

Missiles
 a - 47 arrows
Jewellery
 g - an uncursed ring of flight {unknown}
Scrolls
 b - a scroll of random uselessness {unknown}
 e - a scroll of fog {unknown}
 h - a scroll of identify {unknown}
 j - a scroll of remove curse {unknown}
 k - a scroll of amnesia {unknown}
Potions
 d - a potion of mutation {unknown}
 f - a potion of heal wounds {unknown}
 i - a potion of lignification {unknown}
Comestibles
 c - 4 rations


   Skills:
 - Level 1.0 Fighting
 + Level 4.8 Dodging
 - Level 3.0 Unarmed Combat
 - Level 2.0 Spellcasting
 - Level 2.1 Transmutations


You had 5 spell levels left.
You knew the following spells:

 Your Spells              Type           Power        Failure   Level  Hunger
a - Beastly Appendage     Tmut           #.....       9%          1    #......

Your spell library contained the following spells:

 Spells                   Type           Power        Failure   Level  Hunger
 Spider Form              Tmut/Pois      #.........   38%         3    ###....
 Blade Hands              Tmut           #.........   94%         5    ######.
 Ice Form                 Ice/Tmut       #.......     80%         4    #####..
 Sticks to Snakes         Tmut           #.......     14%         2    ###....


Dungeon Overview and Level Annotations

Branches:
Dungeon (3/15)

Altars:


Innate Abilities, Weirdness & Mutations

You cannot wear armour.
You are incapable of wielding weapons or throwing items.
Your paws allow you to move quietly. (Stealth)
You have sharp claws.
You have razor-sharp teeth.
You have supernaturally acute eyesight. (SInv)
You are carnivorous and can eat meat at any time.
You cover ground quickly.
You are covered in fur. (AC +1)
You have a slow metabolism.
Your sharp claws are effective at attacking unaware monsters.


Message History

You are too injured to fight recklessly!
You are too injured to fight recklessly!
You are too injured to fight recklessly!
You are too injured to fight recklessly!
You are too injured to fight recklessly!
You are too injured to fight recklessly!
You are too injured to fight recklessly!
You are too injured to fight recklessly!
You are too injured to fight recklessly!
You are too injured to fight recklessly!
You are too injured to fight recklessly!
You are too injured to fight recklessly!
You are too injured to fight recklessly!
You scratch the worm.
The worm is severely wounded.
You scratch the worm.
The worm is almost dead.
The worm bites you!
Ouch! That really hurt!
You die...

#. #....#
.###....#
.......###
#........+
#.$.....## .
#........# ..
#........## #.
#..@w.....#
#..###.#######.#
#..............
#..............
#.####.######.#
# #.....#
.#.####.....#
............#
##.####.....#


You could see a worm.

Vanquished Creatures
  2 dart slugs (D:1)
  A ball python (D:1)
  3 bats
  3 giant cockroaches
  2 goblins
  4 hobgoblins
  A quokka (D:2)
  A frilled lizard (D:1)
  3 kobolds (D:1)
  4 rats
24 creatures vanquished.

Notes
Turn   | Place    | Note
-------+----------+-------------------------------------------
     0 | D:1      | inc the Felid Transmuter began the quest for the Orb.
     0 | D:1      | Reached XP level 1. HP: 9/9 MP: 4/4
    32 | D:1      | Reached skill level 3 in Dodging
   217 | D:1      | Reached XP level 2. HP: 12/12 MP: 6/6
   438 | D:1      | Reached skill level 4 in Dodging
  1764 | D:3      | Reached XP level 3. HP: 14/15 MP: 7/7
  1816 | D:3      | Slain by a worm

Vault maps used:
D:1:      giann_bridges
D:2:      first_ration

Skill      XL: |  1  2 |
---------------+-------+-----
Dodging        | 3 4 |  4.8
Fighting       | |  1.0
Unarmed Combat | |  3.0
Spellcasting   | |  2.0
Transmutations | |  2.1

Action                   || total
-------------------------++-------
Melee: Unarmed           ||    88
       Punch             ||     1
       Bite              ||     2
 Stab: Sleeping          ||     4
Armor: Skin              ||     5
Dodge: Dodged            ||    58

Table legend:
 A = Spawn XP
 B = Non-spawn XP
 C = Spawn XP percentage of total XP
 D = Spawn monster count
 E = Non-spawn monster count
 F = Spawn count percentage of total count
 G = Total turns spent on level
                    A         B        C        D         E        F      G
               +---------+---------+-------+---------+---------+-------+---------
         Total |       0 |      46 |   0.0 |       0 |      24 |   0.0 |  1816
               +---------+---------+-------+---------+---------+-------+---------
           D:1 |       0 |      31 |   0.0 |       0 |      16 |   0.0 |  1108
           D:2 |       0 |       9 |   0.0 |       0 |       5 |   0.0 |   645
           D:3 |       0 |       6 |   0.0 |       0 |       3 |   0.0 |    63
               +---------+---------+-------+---------+---------+-------+---------
